 Dungeon Crawl Stone Soup version 0.18.1-6-gd335043 (webtiles) character file.

141 GreamJoe the Ruffian (level 5, -2/33 HPs)
             Began as a Gargoyle Monk on May 16, 2016.
             Was an Initiate of Gozag.
             Slain by an ogre
             ... wielding a +0 giant spiked club
              (10 damage)
             ... on level 3 of the Dungeon.
             The game lasted 00:11:35 (2550 turns).

GreamJoe the Ruffian (Gargoyle Monk)                Turns: 2550, Time: 00:11:36

Health: -2/33      AC: 16    Str: 15    XL:     5   Next: 24%
Magic:  5/5        EV:  5    Int: 11    God:    Gozag
Gold:   289        SH:  0    Dex: 12    Spells: 0 memorised, 4 levels left

rFire  x . .     SeeInvis .     c - +1 dagger (speed)
rCold  + . .     Gourm    .     b - +0 plate armour
rNeg   + . .     Faith    .     (no shield)
rPois  ∞         Spirit   .     (no helmet)
rElec  +         Dismiss  .     e - +0 cloak
rCorr  .         Reflect  .     d - +0 pair of gloves
SustAt .         Harm     .     (no boots)
MR     .....                    (no amulet)
Stlth  ..........               (no ring)
                                k - ring of ice

@: not resistant to hostile enchantments, extremely unstealthy
A: negative energy resistance 1, electricity resistance, unbreathing,
petrification resistance, rot immunity, AC +4
a: Potion Petition, Call Merchant, Bribe Branch, Renounce Religion


You were on level 3 of the Dungeon.
You worshipped Gozag.
Gozag was noncommittal.
You were not hungry.

You visited 1 branch of the dungeon, and saw 3 of its levels.

You collected 289 gold pieces.

Inventory:

Hand Weapons
 c - a +1 dagger of speed (weapon)
Armour
 a - a +0 robe
 b - a +0 plate armour (worn)
 d - a +0 pair of gloves (worn)
 e - a +0 cloak (worn)
 g - a +1 scale mail
Jewellery
 k - a ring of ice (left hand)
Scrolls
 f - a scroll of identify
 j - a scroll of fear
 m - a scroll of amnesia {unknown}
 q - 3 scrolls of blinking {unknown}
Potions
 i - 2 potions of mutation {unknown}
 l - a potion of degeneration {unknown}
 n - a potion of brilliance {unknown}
 o - a potion of resistance {unknown}
Comestibles
 h - a meat ration
 p - 4 fruits


   Skills:
 + Level 3.7 Fighting
 + Level 1.3 Short Blades
 + Level 1.5 Armour
 + Level 3.5 Dodging
 + Level 2.3 Stealth
 + Level 4.4 Unarmed Combat


You had 4 spell levels left.
You didn't know any spells.

Dungeon Overview and Level Annotations

Branches:
Dungeon (3/15)

Altars:
Fedhas
Gozag
Kikubaaqudgha
Pakellas

Annotations:
D:3 Purgy


Innate Abilities, Weirdness & Mutations

You are resistant to torment.
Your stone body is resilient (AC +4).
You are immune to poison.
You resist negative energy.
You are resistant to electric shocks.
You can survive without breathing.
You are immune to petrification.
You are immune to rotting.


Message History

You hit the ogre.
The ogre is lightly wounded.
The ogre barely misses you. The ogre barely misses you.
The ogre hits you but does no damage.
The ogre hits you with a giant spiked club.
The ogre barely misses you. The ogre barely misses you.
The ogre hits you but does no damage. The ogre hits you but does no damage.
The ogre barely misses you.
The ogre hits you with a giant spiked club!
* * * LOW HITPOINT WARNING * * *
The ogre barely misses you.
A goblin comes into view.
The goblin shouts!
Purgy the Meek comes into view.
The ogre hits you with a giant spiked club!
You die...
Your body crumbles into a pile of gold.

# #.. # $ ... #######
#T# ......# #.# #####.#
#.# # #.# #g# # #.#
##.## # #.# #...# $
#.##### #..@# ###.....#
#.O.#
###...#.#.####...#####
.......#.............#.
<##.#.###..............
.....## ##...........#.
.##.#.###.####...#####
.##.##.#.## #...#
.##.##..## #...#


You could see Purgy, an ogre and a goblin.

Vanquished Creatures
  An orc wizard (D:3)
  A gnoll (D:1)
  2 adders (D:2)
  3 dart slugs
  5 giant geckos
  8 orcs (D:3)
  3 giant cockroaches
  7 goblins
  6 hobgoblins
  4 jackals (D:1)
  2 quokkas (D:2)
  A ball python (D:3)
  9 bats
  4 giant newts
  5 kobolds
  5 rats
66 creatures vanquished.

Notes
Turn   | Place    | Note
--------------------------------------------------------------
     0 | D:1      | GreamJoe the Gargoyle Monk began the quest for the Orb.
     0 | D:1      | Reached XP level 1. HP: 14/14 MP: 1/1
    90 | D:1      | Reached XP level 2. HP: 12/19 MP: 2/2
   586 | D:1      | Reached XP level 3. HP: 16/23 MP: 3/3
  1116 | D:2      | Found an opulent altar of Gozag.
  1126 | D:2      | Became a worshipper of Gozag Ym Sagoz the Greedy
  1177 | D:2      | Reached skill level 1 in Short Blades
  1189 | D:2      | Reached XP level 4. HP: 28/28 MP: 4/4
  1218 | D:2      | Found an ancient bone altar of Kikubaaqudgha.
  1277 | D:2      | Found an oddly glowing altar of Pakellas.
  1823 | D:2      | Found a blossoming altar of Fedhas.
  2125 | D:3      | Reached skill level 1 in Armour
  2125 | D:3      | Reached XP level 5. HP: 18/33 MP: 5/5
  2469 | D:3      | Noticed an ogre
  2549 | D:3      | Noticed Purgy
  2550 | D:3      | Slain by an ogre

Skill      XL: |  1  2  3  4 |
---------------+-------------+-----
Short Blades   | 1 |  1.3
Dodging        | 3 |  3.5
Armour         | 1 |  1.5
Fighting       | |  3.7
Stealth        | |  2.3
Unarmed Combat | |  4.4

Action                   |  1- 3 |  4- 6 || total
-------------------------+-------+-------++-------
Melee: Dagger            |   154 |   177 ||   331
       Unarmed           |     4 |       ||     4
       Punch             |     4 |     4 ||     8
  Use: Scroll            |     6 |       ||     6
 Stab: Sleeping          |     1 |       ||     1
  Eat: Bread ration      |       |     2 ||     2
Armor: Robe              |     7 |       ||     7
       Scale mail        |    93 |   113 ||   206
       Plate armour      |       |    34 ||    34
Dodge: Dodged            |   113 |   126 ||   239
